 Dungeon Crawl Stone Soup version 0.16.1-11-g651b585 (webtiles) character file.

150 HollowCharge the Skirmisher (level 5, -3/42 HPs)
             Began as a Human Fighter on Apr 5, 2015.
             Was an Initiate of Okawaru.
             Slain by an ogre
             ... wielding a +0 giant club
              (12 damage)
             ... on level 4 of the Dungeon.
             The game lasted 00:18:42 (3315 turns).

HollowCharge the Skirmisher (Human Fighter)         Turns: 3315, Time: 00:18:42

Health: -3/42      AC: 12    Str: 17    XL:     5   Next: 58%
Magic:  14/14      EV:  4    Int:  8    God:    Okawaru [......]
Gold:   191        SH:  9    Dex: 13    Spells: 0 memorised, 4 levels left

rFire  + + .     SeeInvis .     a - +0 long sword
rCold  . . .     Clarity  .     r - +3 chain mail
rNeg   . . .     SustAb   +     c - +0 shield
rPois  .         Gourm    .     b - -1 helmet "Woom" {rElec rF+ Regen+ MP+9 Stlth-}
rElec  +         Spirit   .     (no cloak)
rCorr  .         Warding  .     (no gloves)
rMut   .         Stasis   .     (no boots)
MR     .....                    (no amulet)
Stlth  ..........               m - ring of sustain abilities
                                k - ring of protection from fire

@: not resistant to hostile enchantments, extremely unstealthy
A: no striking features
a: Renounce Religion


You were on level 4 of the Dungeon.
You worshipped Okawaru.
Okawaru was noncommittal.
You were hungry.

You visited 1 branch of the dungeon, and saw 4 of its levels.

You collected 191 gold pieces.

Inventory:

Hand weapons
 a - a +0 long sword (weapon)
 f - the +3 dagger "Prilokhla" {pierce, -Cast +Rage rN+ Dex+3, unknown}
   (You found it on level 4 of the Dungeon)

   It inflicts extra damage upon your enemies.
   It affects your dexterity (+3).
   It protects you from negative energy.
   It lets you go berserk.
   It prevents spellcasting.
 j - a +0 great sword
Armour
 b - the -1 helmet "Woom" (worn) {rElec rF+ Regen+ MP+9 Stlth-}
   (You found it on level 4 of the Dungeon)

   It protects you from fire.
   It insulates you from electricity.
   It affects your magic capacity (+9).
   It increases your rate of regeneration.
   It makes you less stealthy.
 c - a +0 shield (worn)
 r - a +3 chain mail (worn)
 t - a cursed -1 leather armour
Jewellery
 k - a ring of protection from fire (left hand)
 m - a ring of sustain abilities (right hand)
Magical devices
 q - a wand of digging (10)
Scrolls
 h - a scroll of teleportation
Potions
 e - a potion of might
 g - a potion of invisibility {unknown}
 o - a potion of heal wounds {unknown}
Comestibles
 d - 2 bread rations
 n - 2 chunks of flesh


   Skills:
 + Level 3.9 Fighting
 * Level 3.2 Long Blades
 + Level 3.8 Armour
 + Level 3.8 Shields


You had 4 spell levels left.
You didn't know any spells.

Dungeon Overview and Level Annotations

Branches:
Dungeon (4/15)
 Temple: D:4-7

Altars:
Dithmenos
Okawaru
Yredelemnul

Annotations:
D:3 Grinder, Sigmund


Message History

You closely miss the goblin.
The ogre shouts!
The goblin hits you but does no damage.
Your shield and chain mail prevent you from hitting the goblin.
The goblin hits you but does no damage. You block the ogre's attack.
You barely miss the ogre. The goblin hits you but does no damage.
The ogre hits you with a giant club! The goblin hits you but does no damage.
You hit the ogre but do no damage. You block the ogre's attack.
You block the goblin's attack.
You slash the ogre!
The ogre is heavily wounded.
The ogre hits you with a giant club!
* * * LOW HITPOINT WARNING * * *
The goblin hits you but does no damage.
You hit the ogre.
The ogre is heavily wounded.
The goblin hits you with a club.
* * * LOW HITPOINT WARNING * * *
The ogre hits you with a giant club!
You die...

... ...(.....#........##.#
##. ..
#........##...##)..##.# ##
.
##....#.....#....####.####
# ..##............#
#....###
.......###.#....##
####.... .......##...#...#
#....
#.......g.#########..(.
#...####g#..8.8.8.8.#....
#@#..........#....
#O#......... #....
a.#......... ##...
####......... ####
#.......g #..8.8.8 #######


You could see an ogre, a worker ant and a goblin.

Vanquished Creatures
  2 adders
  2 gnolls
  A giant mite (D:1)
  2 giant geckos (D:3)
  An ooze (D:4)
  11 orcs
  2 ball pythons
  3 giant cockroaches
  10 goblins
  11 hobgoblins
  14 jackals
  5 bats
  4 giant newts (D:1)
  9 kobolds
  8 rats
85 creatures vanquished.

Notes
Turn   | Place    | Note
--------------------------------------------------------------
     0 | D:1      | HollowCharge, the Human Fighter, began the quest for the Orb.
     0 | D:1      | Reached XP level 1. HP: 18/18 MP: 1/1
    19 | D:1      | Reached XP level 2. HP: 24/24 MP: 2/2
   392 | D:1      | Reached XP level 3. HP: 26/29 MP: 3/3
  1007 | D:1      | Reached XP level 4. HP: 36/36 MP: 4/4
  1467 | D:2      | Found an iron altar of Okawaru.
  1474 | D:2      | Became a worshipper of Warmaster Okawaru
  1801 | D:3      | Found a basalt altar of Yredelemnul.
  2265 | D:2      | Reached XP level 5. HP: 6/42 MP: 5/5
  2539 | D:3      | Found a shadowy altar of Dithmenos.
  2542 | D:3      | Found an iron altar of Okawaru.
  3034 | D:3      | Noticed Grinder
  3034 | D:3      | Noticed Sigmund
  3064 | D:4      | Got a crystal dagger
  3086 | D:4      | Noticed an ogre
  3101 | D:4      | Got a bloodstained helmet
  3111 | D:4      | Identified the cursed -1 helmet "Woom" {rElec rF+ Regen+ MP+9 Stlth-} (You found it on level 4 of the Dungeon)
  3315 | D:4      | Slain by an ogre

Action                   |  1- 3 |  4- 6 || total
-------------------------+-------+-------++-------
Melee: Long sword        |   137 |   200 ||   337
  Use: Scroll            |     1 |     7 ||     8
       Potion            |       |     1 ||     1
  Eat: Chunk             |       |     8 ||     8
